 Dungeon Crawl Stone Soup version 0.32-a0-931-g5a2cda0630 (webtiles) character file.

Game seed: 16520857675732708270

37833 EvolutionX the Warrior (level 13, -26/134 HPs)
             Began as a Minotaur Berserker on Apr 13, 2024.
             Was an Elder of Trog.
             Annihilated by Rupert
             ... wielding a +0 triple sword of holy wrath
              (34 damage)
             ... on level 15 of the Dungeon.
             The game lasted 00:39:10 (15785 turns).

EvolutionX the Warrior (Minotaur Berserker)        Turns: 15785, Time: 00:39:14

Health: -26/134    AC: 22    Str: 26    XL:     13   Next: 60%
Magic:  12/12      EV: 13    Int:  4    God:    Trog [****..]
Gold:   911        SH:  0    Dex: 11    Spells: 12/12 levels left

rFire   . . .        I - +3 battleaxe (heavy)
rCold   . . .        (shield currently unavailable)
rNeg    + . .        J - +0 plate armour
rPois   .            (helmet restricted)
rElec   .            o - +0 cloak
rCorr   .            s - +2 pair of gloves
SInv    .            (no boots)
Will    .....        h - amulet of the acrobat Stlth
                     r - +5 ring of evasion
HPRegen 0.42/turn    u - ring of positive energy
MPRegen 0.13/turn

%: acrobat
@: studying Fighting
A: horns 2, retaliatory headbutt
a: Renounce Religion, Berserk, Trog's Hand, Brothers in Arms


You were on level 15 of the Dungeon.
You worshipped Trog.
Trog was greatly pleased with you.
You visited 1 branch of the dungeon, and saw 15 of its levels.

You collected 911 gold pieces.

Inventory:

Hand Weapons
 n - a +3 war axe of venom
 C - a +0 heavy battleaxe
 D - the +6 quarterstaff of Duef {flame, Will++}
   (You found it on level 9 of the Dungeon)

   Will++:    It greatly increases your willpower.
 I - a +3 heavy battleaxe (weapon)
Armour
 f - a +0 chain mail
 o - a +0 cloak (worn)
 s - a +2 pair of gloves (worn)
 J - a +0 plate armour (worn)
Jewellery
 b - a ring of fire
 h - an amulet of the acrobat (around neck)
 r - a +5 ring of evasion (left hand)
 u - a ring of positive energy (right hand)
 v - an amulet of faith
Wands
 k - a wand of warping (7)
 y - a wand of charming (14)
 A - a wand of quicksilver (8)
Scrolls
 a - a scroll of identify
 g - 5 scrolls of teleportation
 i - a scroll of immolation
 m - a scroll of blinking
 w - a scroll of revelation
 B - 2 scrolls of silence
 G - a scroll of enchant weapon
 H - a scroll of torment
Potions
 c - a potion of degeneration
 d - a potion of brilliance
 e - a potion of enlightenment
 j - 5 potions of curing
 l - a potion of berserk rage
 p - 5 potions of heal wounds
 q - 3 potions of lignification
 t - a potion of might {unknown}
 z - 2 potions of ambrosia
 E - 2 potions of attraction
 F - a potion of haste {unknown}


   Skills:
 + Level 18.3 Fighting
 + Level 17.3 Axes
 + Level 15.8 Armour
 - Level 2.1 Dodging


You had 12 spell levels left.
You didn't know any spells.
Your spell library was empty.

Dungeon Overview and Level Annotations

Branches:
Dungeon (15/15)            Temple (0/1) D:5            Lair (0/5) D:10
    Orc (0/2) D:10         Vaults (0/5) D:14
 Depths: D:15

Altars:
Ashenzari
Cheibriados
Fedhas
Hepliaklqana
Makhleb
Nemelex Xobeh
Qazlal
Uskayaw
Wu Jian
Yredelemnul

Shops:
D:4 (   D:10 *   D:14 !

Annotations:
D:12 2 transporters, Vynoutz's ghost, journeyman OpFi
D:15 Rupert


Innate Abilities, Weirdness & Mutations

You have a pair of horns on your head.
You reflexively headbutt those who attack you in melee.


Message History

Rupert completely misses you. Rupert yells loudly at you.
You are more confused.
You're too confused to move!
Rupert hits you with a +0 triple sword of holy wrath.
You bump into the rock wall.
Rupert hits you with a +0 triple sword of holy wrath!!
You bump into the rock wall.
Rupert completely misses you. Rupert roars wildly at you.
You suddenly lose the ability to move!
Rupert roars madly and goes into a rage!
Rupert goes berserk!
You can move again.
Okay, then.
You slice Rupert like a ripe choko!!!
Rupert is moderately wounded.
Rupert hits you with a +0 triple sword of holy wrath!!
Rupert hits you with a +0 triple sword of holy wrath!
Rupert hits you with a +0 triple sword of holy wrath!!
Rupert misses you.
You slice Rupert!!
Rupert is heavily wounded.
Rupert hits you with a +0 triple sword of holy wrath!
* * * LOW HITPOINT WARNING * * *
Rupert hits you with a +0 triple sword of holy wrath!
* * * LOW HITPOINT WARNING * * *
You open Rupert like a pillowcase!!!
Rupert is severely wounded.
Rupert completely misses you. Rupert hits you but does no damage.
You bump into the rock wall.
You feel less confused. Rupert misses you. Rupert barely misses you.
You furiously retaliate!
You headbutt Rupert! You slice Rupert!! You headbutt Rupert.
Rupert is almost dead.
Rupert hits you with a +0 triple sword of holy wrath!
* * * LOW HITPOINT WARNING * * *
Rupert hits you with a +0 triple sword of holy wrath!!
You die...
Rupert roars with triumph.

## ######## ##
.. #......# .#
##.#.####.# [#
#.......#.#
.##
##..#.##@#.#
..#
..##..#..@...#
..###.......
####.###
..<.........
#.#
..####.####
#.# #.#
####.### #.#
##+# #......#
#.###...##
#.##.#.#
#.##.....##
#.##.#.#
#.#.......##
#.#..#.#


You could see Rupert (berserk).

Vanquished Creatures
  Harold (D:10)
  A hydra (D:15)
  4 centaur warriors
  A boulder beetle (D:13)
  A death knight (D:13)
  4 tengu warriors
  5 two-headed ogres
  Nergalle (D:11)
  5 skeletal warriors (D:14)
  2 orc knights (D:14)
  A necromancer (D:14)
  A deep elf pyromancer (D:12)
  12 ugly things
  4 cyclopes
  2 manticores
  A meliai (shapeshifter) (D:14)
  A gargoyle (D:12)
  An unseen horror (D:10)
  An efreet (D:15)
  A kobold demonologist (D:14)
  2 komodo dragons
  A freezing wraith (D:12)
  2 tengu conjurers (D:13)
  8 trolls
  Prince Ribbit (D:5)
  Grinder (D:5)
  13 slime creatures
  2 shadows
  20 yaks
  3 wraiths
  A human (shapeshifter) (D:14)
  A warg (D:9)
  2 vampire mosquitoes (D:14)
  A steam dragon (D:8)
  Edmund (D:6)
  An acid dragon (D:8)
  A water moccasin (D:6)
  A black bear (D:6)
  3 orc warriors
  5 ogres
  2 phantoms
  10 centaurs
  4 kobold brigands
  5 bullfrogs
  A gnoll sergeant (D:10)
  2 scorpions
  4 wights (D:7)
  3 killer bees (D:9)
  2 howler monkeys
  3 hounds (D:6)
  2 jellies
  3 bombardier beetles
  9 orc priests
  A sleepcap (D:4)
  4 iguanas
  12 orc wizards
  13 gnolls
  6 adders
  2 shadow imps (D:6)
  2 white imps
  A dart slug (D:1)
  A ribbon worm (D:5)
  40 orcs
  6 bats
  10 endoplasms
  5 giant cockroaches
  7 goblins
  4 hobgoblins
  9 jackals
  6 quokkas
  8 ball pythons
  3 frilled lizards
  19 kobolds
  5 rats
334 creatures vanquished.

Notes
Turn   | Place    | Note
-------+----------+-------------------------------------------
     0 | D:1      | EvolutionX the Minotaur Berserker began the quest for the
                  | Orb.
     0 | D:1      | Reached XP level 1. HP: 19/19 MP: 0/0
   109 | D:1      | Reached XP level 2. HP: 26/26 MP: 1/1
   275 | D:1      | Reached skill level 5 in Axes
   427 | D:1      | Reached XP level 3. HP: 31/31 MP: 2/2
  1009 | D:2      | Reached ** piety under Trog
  1445 | D:2      | Reached XP level 4. HP: 31/39 MP: 3/3
  2135 | D:3      | Found a basalt altar of Yredelemnul.
  2135 | D:3      | Found a snail-covered altar of Cheibriados.
  2369 | D:4      | Noticed a phantom
  2399 | D:4      | Found a broken altar of Ashenzari.
  2427 | D:4      | Killed a phantom
  2428 | D:4      | Reached XP level 5. HP: 45/45 MP: 4/4
  2570 | D:4      | Found Emea's Weapon Boutique.
  2594 | D:4      | Reached *** piety under Trog
  2817 | D:4      | Reached XP level 6. HP: 47/52 MP: 5/5
  3116 | D:4      | Reached skill level 4 in Fighting
  3723 | D:5      | Entered Level 5 of the Dungeon
  3725 | D:5      | Noticed Prince Ribbit
  3731 | D:5      | Killed Prince Ribbit
  3732 | D:5      | Reached XP level 7. HP: 38/60 MP: 6/6
  3962 | D:5      | Reached skill level 5 in Fighting
  4006 | D:5      | Found a staircase to the Ecumenical Temple.
  4307 | D:5      | Reached skill level 5 in Armour
  4434 | D:5      | Noticed Grinder
  4436 | D:5      | Paralysed by Grinder for 2 turns
  4440 | D:5      | Paralysed by Grinder for 5 turns
  4454 | D:5      | Killed Grinder
  4455 | D:5      | Reached skill level 6 in Fighting
  4455 | D:5      | Reached XP level 8. HP: 42/70 MP: 7/7
  4774 | D:6      | Reached skill level 7 in Fighting
  4774 | D:6      | Reached skill level 10 in Axes
  5080 | D:6      | Reached **** piety under Trog
  5321 | D:6      | Noticed Edmund
  5327 | D:6      | Killed Edmund
  5560 | D:6      | Found a stormy altar of Qazlal.
  5560 | D:6      | Found a burning altar of Makhleb.
  5562 | D:6      | Found an ornate altar of the Wu Jian Council.
  5564 | D:6      | Found a sparkling altar of Nemelex Xobeh.
  5564 | D:6      | Found a hazy altar of Hepliaklqana.
  5565 | D:6      | Found a hide-covered altar of Uskayaw.
  5613 | D:6      | Reached skill level 8 in Fighting
  5613 | D:6      | Reached XP level 9. HP: 81/81 MP: 8/8
  6629 | D:8      | Reached skill level 9 in Fighting
  6749 | D:8      | Noticed a troll
  6754 | D:8      | Killed a troll
  6759 | D:8      | Reached ***** piety under Trog
  7294 | D:8      | Reached XP level 10. HP: 85/93 MP: 9/9
  7303 | D:8      | Reached skill level 10 in Fighting
  8558 | D:9      | Noticed a tengu warrior
  8567 | D:9      | Killed a tengu warrior
  8568 | D:9      | Reached skill level 10 in Armour
  8684 | D:9      | Identified the +6 quarterstaff of Duef {flame, Will++}
  9006 | D:10     | Entered Level 10 of the Dungeon
  9009 | D:10     | Noticed Harold
  9149 | D:10     | Killed Harold
  9150 | D:10     | Reached skill level 11 in Fighting
  9339 | D:10     | Found a staircase to the Orcish Mines.
  9385 | D:10     | Found a staircase to the Lair.
  9527 | D:10     | Found Fiogyceg's General Store.
  9540 | D:10     | Reached XP level 11. HP: 55/104 MP: 10/10
  9693 | D:10     | Noticed a two-headed ogre
  9700 | D:10     | Killed a two-headed ogre
 10180 | D:11     | Noticed a two-headed ogre
 10196 | D:11     | Killed a two-headed ogre
 10197 | D:11     | Reached skill level 12 in Fighting
 10652 | D:11     | Noticed Nergalle
 10660 | D:11     | Killed Nergalle
 11322 | D:12     | Noticed a deep elf pyromancer
 11332 | D:12     | Killed a deep elf pyromancer
 11376 | D:12     | Noticed a white ugly thing
 11382 | D:12     | Killed a white ugly thing
 11383 | D:12     | Found a transporter.
 11384 | D:12     | Noticed a six-headed hydra
 11384 | D:12     | Noticed a fire giant
 11385 | D:12     | Noticed a deep elf pyromancer
 11385 | D:12     | Noticed a phantasmal warrior
 11386 | D:12     | Noticed Vynoutz's ghost (journeyman OpFi)
 11396 | D:12     | Found a transporter.
 11407 | D:12     | Found a stormy altar of Qazlal.
 11417 | D:12     | Reached skill level 13 in Fighting
 11559 | D:12     | Noticed a two-headed ogre
 11561 | D:12     | Noticed a two-headed ogre
 11564 | D:12     | Killed a two-headed ogre
 11568 | D:12     | Killed a two-headed ogre
 11742 | D:12     | Reached XP level 12. HP: 87/115 MP: 11/11
 11889 | D:12     | Reached skill level 15 in Axes
 11892 | D:12     | Reached ****** piety under Trog
 12525 | D:12     | Identified a scroll of acquirement
 12526 | D:12     | Acquired a manual of Fighting
 12547 | D:13     | Received a gift from Trog
 12551 | D:13     | Reached skill level 14 in Fighting
 12598 | D:13     | Noticed a death knight
 12598 | D:13     | Noticed a centaur warrior
 12802 | D:13     | Found a blossoming altar of Fedhas.
 12848 | D:13     | Killed a centaur warrior
 12855 | D:13     | Noticed a centaur warrior
 12931 | D:13     | Noticed a boulder beetle
 12954 | D:13     | Killed a death knight
 12958 | D:13     | Killed a boulder beetle
 12961 | D:13     | Killed a centaur warrior
 12962 | D:13     | Reached skill level 15 in Fighting
 13197 | D:13     | Noticed a two-headed ogre
 13208 | D:13     | Killed a two-headed ogre
 13334 | D:13     | Noticed a tengu warrior
 13344 | D:13     | Killed a tengu warrior
 13394 | D:13     | Noticed a tengu warrior
 13403 | D:13     | Killed a tengu warrior
 13735 | D:14     | Noticed a centaur warrior
 13742 | D:14     | Killed a centaur warrior
 13743 | D:14     | Reached skill level 16 in Fighting
 13882 | D:14     | Noticed a tengu warrior
 13887 | D:14     | Killed a tengu warrior
 14001 | D:14     | Found Lorant's Distillery.
 14100 | D:14     | Reached XP level 13. HP: 55/130 MP: 12/12
 14394 | D:14     | Found a gate to the Vaults.
 14416 | D:14     | Reached skill level 15 in Armour
 14422 | D:14     | Reached skill level 17 in Fighting
 15096 | D:14     | Reached skill level 18 in Fighting
 15429 | D:15     | Entered Level 15 of the Dungeon
 15761 | D:15     | Noticed Rupert
 15776 | D:15     | Paralysed by Rupert for 3 turns
 15785 | D:15     | Annihilated by Rupert

Illustrated notes

Levels and vault maps discovered:
D:1:      scummos_arrival_star, layout_loops_ring, kennysheep_crisscross,
          roderic_lattice_a
D:2:      layout_loops_ring, minmay_indecisive_spiral
D:3:      layout_loops_cross, gammafunk_temple_overflow_elements,
          minmay_hedge_maze
D:4:      layout_layer_cave, mainiacjoe_overflow_catwalk, serial_shops,
          nicolae_shop_hallway_stairs
D:5:      layout_loops_ring, minmay_temple_entry_drinking_statues,
          kennysheep_generic_room_6, uniq_grinder, uniq_prince_ribbit1
D:6:      layout_basic, grunt_temple_overflow_open, corner_web_ring,
          minmay_fractal_squares_5, uniq_edmund
D:7:      layout_cave_pools, kennysheep_generic_room_12
D:8:      layout_loops_ring, serial_library,
          serial_library_hellmonk_double_dead_end,
          serial_library_hellmonk_big_corner,
          serial_library_hellmonk_layered_room,
          serial_library_regret_index_branch_corner,
          serial_library_hellmonk_open_cross, serial_library_hellmonk_room_b,
          serial_library_hellmonk_small_alcove, serial_library_hellmonk_room_a,
          serial_library_regret_index_split_case, serial_library_hellmonk_h_bend
D:9:      layout_stronghold
D:10:     layout_big_octagon, lair_entry_dummy, erik_orc_4, serial_shops, shop,
          uniq_harold
D:11:     layout_grid_maze, serial_bayou_pond_d, uniq_nergalle
D:12:     layout_roguey, gammafunk_ghost_arena, serial_glass, glass_columns_a,
          glass_columns_a, nicolae_qazlal_scattered_showers
D:13:     layout_cave_pools, fedhas_altar_1
D:14:     layout_loops_ring, david_vaults_1, serial_shops, shop
D:15:     hangedman_depths_entry_try_elsewhere_first, layout_loops_corners,
          nicolae_titane, uniq_rupert, uniq_jorgrun

Skill      XL: |  1  2  3  4  5  6  7  8  9 10 11 12 13 |
---------------+----------------------------------------+-----
Axes           | 4 5 6 7 8 9 10 12 13 14 16 17 | 17.3
Fighting       | 4 6 8 9 11 13 16 18 | 18.3
Armour         | 3 5 7 9 11 13 14 15 | 15.8
Dodging        | |  2.1

Action                     |  1- 3 |  4- 6 |  7- 9 | 10-12 | 13-15 || total
---------------------------+-------+-------+-------+-------+-------++-------
  Melee: Hand axe          |   112 |    41 |       |       |       ||   153
         Headbutt          |    11 |    21 |    38 |    87 |    28 ||   185
         War axe           |       |    45 |   225 |   371 |    27 ||   668
         Battleaxe         |       |       |       |       |    66 ||    66
  Throw: Throwing net      |       |       |       |     2 |       ||     2
 Invoke: Berserk           |       |     1 |     2 |     2 |     2 ||     7
  Evoke: Wand              |       |       |       |     2 |     2 ||     4
    Use: Scroll            |       |     9 |     9 |    10 |     1 ||    29
         Potion            |       |       |     2 |     2 |     2 ||     6
   Stab: Distracted        |       |       |       |     1 |       ||     1
 Armour: Animal skin       |    25 |       |       |       |       ||    25
         Chain mail        |    59 |    73 |   177 |   325 |    39 ||   673
         Plate armour      |       |       |       |       |    41 ||    41
  Dodge: Dodged            |    50 |    34 |   101 |   271 |    56 ||   512

Table legend: (Time is in decaauts)
 A = Elapsed time spent in this place.
 B = Non-inter-level travel time spent in this place.
 C = Inter-level travel time spent in this place.
 D = Time resting spent in this place.
 E = Time spent auto-exploring this place.
 F = Levels seen in this place.
 G = Mean time per level.
                   A        B        C        D        E       F      G
               +--------+--------+--------+--------+--------+-----+--------+
         Total |  15827 |  15387 |    440 |   2096 |  11121 |  15 | 1055.1 |
       Dungeon |  15827 |  15387 |    440 |   2096 |  11121 |  15 | 1055.1 |
               +--------+--------+--------+--------+--------+-----+--------+

Top non-repeatable levels by time:
    D:14: 1806 daAuts
     D:9: 1497 daAuts
    D:12: 1403 daAuts
     D:4: 1339 daAuts
    D:11: 1262 daAuts
     D:6: 1212 daAuts
     D:8: 1128 daAuts
     D:5: 1028 daAuts
    D:13: 898 daAuts
     D:1: 865 daAuts
     D:2: 852 daAuts
    D:10: 805 daAuts
     D:7: 688 daAuts
     D:3: 680 daAuts
    D:15: 359 daAuts
